 Dungeon Crawl Stone Soup version 0.24-a0-284-g9fb9971 (webtiles) character file.

Game seed: 7752410200917051653

25725 gruber the Spear-Bearer (level 13, -1/151 HPs)
             Began as a Gnoll Skald on May 6, 2019.
             Was a High Priest of Okawaru.
             Slain by a profane servitor
             ... wielding a +3 whip
              (2 damage)
             ... on level 2 of the Abyss.
             The game lasted 00:38:20 (13578 turns).

gruber the Spear-Bearer (Gnoll Skald)              Turns: 13578, Time: 00:38:22

Health: -1/151     AC: 15    Str: 20    XL:     13   Next: 21%
Magic:  15/26      EV: 21    Int: 19    God:    Okawaru [*****.]
Gold:   785        SH: 13    Dex: 15    Spells: 17/30 levels left

rFire    . . .     SeeInvis .   C - +2 trident (vamp)
rCold    . . .     Gourm    .   k - +0 shield
rNeg     . . .     Faith    .   W - +1 troll leather armour
rPois    .         Spirit   .   (no helmet)
rElec    .         Reflect  .   j - scarf {cloud immunity}
rCorr    .         Harm     .   B - +0 pair of gloves
MR       .....                  a - +0 pair of boots
Stlth    ..........             G - amulet of regeneration
HPRegen  1.15/turn              q - +3 ring of protection
MPRegen  0.20/turn              Y - +2 ring of protection

@: mighty, berserking, heroism, wreathed by umbra, studying Polearms, drained,
very quick
A: distributed training, fangs 1, strong nose
a: Heroism, Finesse, Renounce Religion


You were on level 2 of the Abyss.
You worshipped Okawaru.
Okawaru was extremely pleased with you.
You were not hungry.

You visited 1 branch of the dungeon, and saw 12 of its levels.
You visited the Abyss 1 time.
You also visited: Ossuary and Ice Cave.

You collected 785 gold pieces.

Inventory:

Hand Weapons
 C - a +2 vampiric trident (weapon)
 R - a +2 quick blade of freezing
 V - a +0 demon trident of freezing
Missiles
 z - a throwing net (quivered)
Armour
 a - a +0 pair of boots (worn)
 j - a scarf of cloud immunity (worn)
 k - a +0 shield (worn)
 B - a +0 pair of gloves (worn)
 H - a +2 chain mail of cold resistance
 W - a +1 troll leather armour (worn)
Jewellery
 m - an uncursed amulet of the acrobat
 q - a +3 ring of protection (left hand)
 E - an uncursed ring of ice
 G - an amulet of regeneration (around neck)
 N - a cursed amulet of inaccuracy {unknown}
 Y - a +2 ring of protection (right hand)
Wands
 n - a wand of paralysis (11)
 r - a wand of acid (15)
 D - a wand of disintegration (19)
 K - a wand of clouds (4)
 Q - a wand of polymorph (13)
Scrolls
 c - 2 scrolls of immolation {unknown}
 e - 3 scrolls of fog {unknown}
 f - 2 scrolls of teleportation
 h - 10 scrolls of remove curse
 i - 6 scrolls of magic mapping
 l - 2 scrolls of fear
 p - 7 scrolls of enchant weapon {unknown}
 s - 4 scrolls of blinking {unknown}
 t - a scroll of summoning {unknown}
 y - 7 scrolls of identify
 A - a scroll of noise {unknown}
 F - 2 scrolls of enchant armour {unknown}
 I - a scroll of acquirement {unknown}
 J - 3 scrolls of amnesia {unknown}
 L - a scroll of holy word {unknown}
 U - a scroll of silence {unknown}
Potions
 b - a potion of agility {unknown}
 g - 2 potions of haste
 o - 5 potions of brilliance
 u - 3 potions of curing
 v - 3 potions of berserk rage
 w - 2 potions of magic
 x - a potion of might
 P - a potion of flight {unknown}
 X - a potion of heal wounds {unknown}
Books
 T - a manual of Polearms
Comestibles
 d - 23 rations


   Skills:
 + Level 9.2(13.5) Fighting
 + Level 7.9(12.2) Short Blades
 + Level 7.9(12.2) Long Blades
 + Level 7.9(12.2) Axes
 + Level 7.9(12.2) Maces & Flails
 + Level 9.8(14.0) Polearms
 + Level 7.9(12.2) Staves
 + Level 7.9(12.2) Slings
 + Level 7.9(12.2) Bows
 + Level 7.9(12.2) Crossbows
 + Level 7.9(12.2) Throwing
 + Level 8.4(12.6) Armour
 + Level 9.2(13.5) Dodging
 + Level 7.9(12.2) Stealth
 + Level 7.9(12.2) Shields
 + Level 7.9(12.2) Unarmed Combat
 + Level 9.4(8.8) Spellcasting
 + Level 6.6(6.0) Conjurations
 + Level 6.6(6.0) Hexes
 + Level 8.7(8.0) Charms
 + Level 6.6(6.0) Summonings
 + Level 6.6(6.0) Necromancy
 + Level 6.6(6.0) Translocations
 + Level 6.6(6.0) Transmutations
 + Level 6.6(6.0) Fire Magic
 + Level 6.6(6.0) Ice Magic
 + Level 6.6(6.0) Air Magic
 + Level 6.6(6.0) Earth Magic
 + Level 6.6(6.0) Poison Magic
 + Level 8.7(8.0) Invocations
 + Level 7.9(7.3) Evocations


You had 17 spell levels left.
You knew the following spells:

 Your Spells              Type           Power        Failure   Level  Hunger
a - Infusion              Chrm           ####         1%          1    None
b - Shroud of Golubria    Chrm/Tloc      #####.....   1%          2    None
c - Regeneration          Chrm/Necr      #####.....   2%          3    None
d - Spectral Weapon       Hex/Chrm       #####...     2%          3    None
e - Animate Dead          Necr           N/A          12%         4    ###....

Your spell library contained the following spells:

 Spells                   Type           Power        Failure   Level  Hunger
 Animate Skeleton         Necr           N/A          1%          1    None
 Pain                     Necr           ####         1%          1    None
 Song of Slaying          Chrm           #####...     1%          2    None
 Vampiric Draining        Necr           ####......   3%          3    None
 Airstrike                Air            ####......   12%         4    ###....
 Cause Fear               Hex            ####......   12%         4    ###....
 Force Lance              Conj/Tloc      ####....     12%         4    ###....
 Passage of Golubria      Tloc           N/A          12%         4    ###....
 Petrify                  Tmut/Erth      ####....     12%         4    ###....


Dungeon Overview and Level Annotations

Branches:
Dungeon (12/15)            Temple (0/1) D:7            Lair (0/6) D:11
    Orc (0/2) D:10

Altars:
Ashenzari
Dithmenos
Elyvilon
Gozag
Hepliaklqana
Kikubaaqudgha
Nemelex Xobeh
Okawaru
Sif Muna
Trog
Zin
The Shining One
Beogh

Shops:
D:4 (

Annotations:
D:3 Ijyb
D:10 1 runed translucent door
D:12 Rupert


Innate Abilities, Weirdness & Mutations

Your experience applies equally to all skills.
You have very sharp teeth.
Your uncanny sense of smell can sniff out nearby items.


Message History

Unknown command.
Unknown command.
Unknown command.
You puncture the profane servitor!
The profane servitor is lightly damaged.
Your spectral weapon hits the profane servitor!
The profane servitor closely misses you.
The profane servitor completely misses you.
You miss the profane servitor.
The profane servitor is moderately damaged.
Your spectral weapon hits the profane servitor but does no damage.
You block the profane servitor's attack. x2
Your shield prevents you from hitting the profane servitor.
The profane servitor is moderately damaged.
Your spectral weapon hits the profane servitor.
You block the profane servitor's attack.
The profane servitor hits you with a +3 whip!
* * * LOW HITPOINT WARNING * * *
You feel drained.
You die...

. .# ##..##..
..#... #
#...#. .## .
#. #.#...##.#
.#.. # .....#
. . ....
##.....# ##.
...#..#...#..
# #.# . .
..#.@A##.
#....#.
##....##(..# .
.. .
#.#.##........
#.#. .. #.
.#..##.#......
.. #.....###.#
#..# . #.. ..
.#..# .###..
..##. (# .#.
.## #. ... ...
# .. . ##....
.. # # . .


You could see a profane servitor and a friendly spectral +2 vampiric trident.

Vanquished Creatures
  A tentacled starspawn (Abyss:2)
  A reaper (IceCv)
  Snorg (D:10)
  Josephine (D:9)
  Erolcha (D:12)
  2 centaur warriors
  An unseen horror (D:11)
  A wolf spider zombie (Abyss:2)
  A cyclops (D:10)
  An ugly thing (D:11)
  A smoke demon (Abyss:2)
  Psyche (D:10)
  2 ice statues (IceCv)
  A gargoyle (D:12)
  10 ice devils (IceCv)
  An ancient zyme (Abyss:2)
  3 trolls
  Prince Ribbit (D:5)
  Grinder (D:5)
  3 hippogriffs
  A spriggan (D:8)
  A ynoxinul (Abyss:2)
  2 centaur simulacra (D:11)
  4 wraiths
  6 yaks (D:11)
  A steam dragon (D:11)
  A basilisk (D:11)
  A fire bat (Abyss:2)
  A neqoxec (Abyss:2)
  Menkaure (Ossuary)
  3 porcupines (D:11)
  11 orc warriors
  17 ice beasts
  2 sky beasts
  10 ogres
  3 black bears
  3 phantoms
  2 necrophages
  A wolf (D:11)
  9 centaurs
  A small abomination (Abyss:2)
  A big kobold (D:9)
  9 bullfrogs
  A scorpion (D:10)
  8 killer bees
  10 wights
  2 howler monkeys
  7 crimson imps
  A bullfrog zombie (D:7)
  3 jellies
  A quasit (D:8)
  A bullfrog skeleton (D:7)
  2 centaur skeletons
  4 hounds
  7 orc priests
  13 orc wizards
  6 iguanas
  6 worker ants
  A killer bee zombie (D:8)
  3 hound skeletons
  3 mummies (Ossuary)
  A gnoll (D:1)
  3 howler monkey skeletons
  2 worker ant zombies
  11 adders
  3 shadow imps
  7 white imps
  6 ufetubi (IceCv)
  2 oozes (D:2)
  4 adder skeletons
  3 worms
  3 dart slugs
  4 leopard geckos
  58 orcs
  A ball python (D:6)
  9 bats
  7 giant cockroaches
  8 goblins
  11 hobgoblins
  15 jackals
  4 quokkas
  7 frilled lizards
  4 gnoll skeletons (Ossuary)
  5 gnoll zombies (Ossuary)
  5 goblin skeletons (Ossuary)
  3 goblin zombies (Ossuary)
  5 hobgoblin skeletons (Ossuary)
  7 hobgoblin zombies (Ossuary)
  10 kobolds
  4 kobold skeletons (Ossuary)
  6 kobold zombies (Ossuary)
  5 orc skeletons (Ossuary)
  An orc zombie (Ossuary)
  A quokka skeleton (D:6)
  7 rats
  A rat skeleton (Ossuary)
  2 rat zombies (Ossuary)
  A lurking horror (Abyss:2)
  A starspawn tentacle (Abyss:2)
442 creatures vanquished.

Vanquished Creatures (others)
  6 ufetubi (IceCv)
  An orc (D:8)
  A kobold skeleton (Ossuary)
  A kobold zombie (Ossuary)
  2 bushes (D:11)
  5 fungi (D:11)
  16 plants (D:11)
  18 spectral weapons
  2 starspawn tentacles (Abyss:2)
52 creatures vanquished.

Grand Total: 494 creatures vanquished

Notes
Turn   | Place    | Note
-------+----------+-------------------------------------------
     0 | D:1      | gruber the Gnoll Skald began the quest for the Orb.
     0 | D:1      | Reached XP level 1. HP: 20/20 MP: 6/6
   144 | D:1      | Reached XP level 2. HP: 25/26 MP: 4/7
   246 | D:1      | Reached XP level 3. HP: 28/31 MP: 7/9
   279 | D:1      | Reached skill level 5 in Spellcasting
   669 | D:1      | Reached skill level 1 in Invocations
   790 | D:2      | Learned a level 2 spell: Shroud of Golubria
   794 | D:2      | Learned a level 3 spell: Regeneration
   798 | D:2      | Learned a level 3 spell: Spectral Weapon
   810 | D:2      | Reached skill level 1 in Short Blades
   810 | D:2      | Reached skill level 1 in Long Blades
   810 | D:2      | Reached skill level 1 in Axes
   810 | D:2      | Reached skill level 1 in Maces & Flails
   810 | D:2      | Reached skill level 1 in Staves
   810 | D:2      | Reached skill level 1 in Slings
   810 | D:2      | Reached skill level 1 in Bows
   810 | D:2      | Reached skill level 1 in Crossbows
   810 | D:2      | Reached skill level 1 in Throwing
   810 | D:2      | Reached skill level 1 in Stealth
   810 | D:2      | Reached skill level 1 in Shields
   810 | D:2      | Reached skill level 1 in Unarmed Combat
   810 | D:2      | Reached skill level 1 in Evocations
   812 | D:2      | Found a faded altar of an unknown god.
   840 | D:2      | Reached XP level 4. HP: 37/38 MP: 7/11
   937 | D:2      | Reached skill level 1 in Conjurations
   937 | D:2      | Reached skill level 1 in Hexes
   937 | D:2      | Reached skill level 1 in Summonings
   937 | D:2      | Reached skill level 1 in Necromancy
   937 | D:2      | Reached skill level 1 in Translocations
   937 | D:2      | Reached skill level 1 in Transmutations
   937 | D:2      | Reached skill level 1 in Fire Magic
   937 | D:2      | Reached skill level 1 in Ice Magic
   937 | D:2      | Reached skill level 1 in Air Magic
   937 | D:2      | Reached skill level 1 in Earth Magic
   937 | D:2      | Reached skill level 1 in Poison Magic
  1061 | D:2      | Found an ancient bone altar of Kikubaaqudgha.
  1112 | D:2      | Reached XP level 5. HP: 43/43 MP: 12/12
  2018 | D:3      | Noticed Ijyb
  2092 | D:4      | Noticed an ogre
  2115 | D:4      | Killed an ogre
  2115 | D:4      | Reached XP level 6. HP: 45/50 MP: 5/13
  2174 | D:4      | Found Hiulaune's Weapon Boutique.
  2221 | D:4      | Reached skill level 5 in Fighting
  2221 | D:4      | Reached skill level 5 in Polearms
  2221 | D:4      | Reached skill level 5 in Dodging
  2341 | D:4      | Got a shadowed robe
  2343 | D:4      | Identified the cursed +0 robe of the Devil's Team {SInv}
                  | (You found it on level 4 of the Dungeon)
  2697 | D:4      | Reached XP level 7. HP: 15/56 MP: 6/15
  3009 | D:5      | Entered Level 5 of the Dungeon
  3059 | D:5      | Found a sand-covered staircase.
  3064 | Ossuary  | Entered an ossuary
  3329 | Ossuary  | Noticed Menkaure
  3347 | Ossuary  | Killed Menkaure
  3818 | D:5      | Noticed Prince Ribbit
  3831 | D:5      | Killed Prince Ribbit
  3831 | D:5      | Reached XP level 8. HP: 52/63 MP: 7/16
  4296 | D:5      | Noticed Grinder
  4337 | D:5      | Paralysed by Grinder for 4 turns
  4364 | D:5      | Killed Grinder
  4364 | D:5      | Reached XP level 9. HP: 39/69 MP: 3/18
  5246 | D:6      | Reached skill level 5 in Armour
  6127 | D:7      | Found a deep blue altar of Sif Muna.
  6212 | D:7      | Reached skill level 5 in Invocations
  6561 | D:7      | Found a glowing golden altar of the Shining One.
  6571 | D:7      | Found an iron altar of Okawaru.
  6573 | D:7      | Found a bloodstained altar of Trog.
  6573 | D:7      | Found a white marble altar of Elyvilon.
  6575 | D:7      | Found a glowing silver altar of Zin.
  6576 | D:7      | Found a sparkling altar of Nemelex Xobeh.
  6576 | D:7      | Found a hazy altar of Hepliaklqana.
  6577 | D:7      | Found an opulent altar of Gozag.
  6580 | D:7      | Became a worshipper of Warmaster Okawaru
  6730 | D:7      | Reached XP level 10. HP: 75/77 MP: 16/20
  6752 | D:7      | Learned a level 4 spell: Animate Dead
  6754 | D:7      | Found a staircase to the Ecumenical Temple.
  7644 | D:8      | Reached skill level 5 in Short Blades
  7644 | D:8      | Reached skill level 5 in Long Blades
  7644 | D:8      | Reached skill level 5 in Axes
  7644 | D:8      | Reached skill level 5 in Maces & Flails
  7644 | D:8      | Reached skill level 5 in Staves
  7644 | D:8      | Reached skill level 5 in Slings
  7644 | D:8      | Reached skill level 5 in Bows
  7644 | D:8      | Reached skill level 5 in Crossbows
  7644 | D:8      | Reached skill level 5 in Throwing
  7644 | D:8      | Reached skill level 5 in Stealth
  7644 | D:8      | Reached skill level 5 in Shields
  7644 | D:8      | Reached skill level 5 in Unarmed Combat
  7644 | D:8      | Reached skill level 5 in Evocations
  7723 | D:8      | Found a shadowy altar of Dithmenos.
  7781 | D:8      | Reached * piety under Okawaru
  8815 | D:9      | Reached ** piety under Okawaru
  9286 | D:9      | Found a shattered altar of Ashenzari.
  9390 | D:10     | Entered Level 10 of the Dungeon
  9390 | D:10     | Noticed Psyche
  9489 | D:10     | Noticed a cyclops
  9520 | D:10     | Noticed Snorg
  9522 | D:10     | Noticed Josephine
  9620 | D:10     | Killed Psyche
  9620 | D:10     | Reached *** piety under Okawaru
  9620 | D:10     | Reached XP level 11. HP: 77/84 MP: 13/22
  9705 | D:10     | Found a runed translucent door.
  9706 | D:10     | Found a glowing silver altar of Zin.
  9706 | D:10     | Noticed an angel
 10001 | D:9      | Killed Josephine
 10001 | D:9      | Reached **** piety under Okawaru
 10001 | D:9      | Reached skill level 5 in Conjurations
 10001 | D:9      | Reached skill level 5 in Hexes
 10001 | D:9      | Reached skill level 5 in Summonings
 10001 | D:9      | Reached skill level 5 in Necromancy
 10001 | D:9      | Reached skill level 5 in Translocations
 10001 | D:9      | Reached skill level 5 in Transmutations
 10001 | D:9      | Reached skill level 5 in Fire Magic
 10001 | D:9      | Reached skill level 5 in Ice Magic
 10001 | D:9      | Reached skill level 5 in Air Magic
 10001 | D:9      | Reached skill level 5 in Earth Magic
 10001 | D:9      | Reached skill level 5 in Poison Magic
 10096 | D:10     | Received a gift from Okawaru
 10110 | D:10     | Killed a cyclops
 10145 | D:10     | Noticed a centaur warrior
 10219 | D:10     | Received a gift from Okawaru
 10255 | D:10     | Found a staircase to the Orcish Mines.
 10283 | D:10     | Found a roughly hewn altar of Beogh.
 10475 | D:10     | Killed a centaur warrior
 10475 | D:10     | Received a gift from Okawaru
 10605 | D:10     | Killed Snorg
 10605 | D:10     | Reached ***** piety under Okawaru
 10821 | D:11     | Got a smoking quarterstaff
 11113 | D:11     | Noticed a purple ugly thing
 11132 | D:11     | Killed a purple ugly thing
 11145 | D:11     | Reached XP level 12. HP: 90/93 MP: 3/24
 11151 | D:11     | Found a frozen archway.
 11211 | IceCv    | Entered an ice cave
 11688 | IceCv    | Received a gift from Okawaru
 11924 | IceCv    | Noticed a reaper
 11946 | IceCv    | Killed a reaper
 11958 | IceCv    | Identified Acufe's Sophisticated Hermeneutics
 12169 | D:11     | Noticed a centaur warrior
 12180 | D:11     | Killed a centaur warrior
 12180 | D:11     | Received a gift from Okawaru
 12229 | D:11     | Got a faintly glowing longbow {god gift}
 12230 | D:11     | Identified the cursed +0 quarterstaff "Fasysuwy" {venom,
                  | rElec rC+} (You found it on level 11 of the Dungeon)
 12232 | D:11     | Identified the +0 longbow "Usudimiy" {velocity, MR++}
                  | (Okawaru gifted it to you on level 11 of the Dungeon)
 12553 | D:11     | Found a staircase to the Lair.
 13104 | D:12     | Noticed Erolcha
 13116 | D:12     | Killed Erolcha
 13261 | D:12     | Reached XP level 13. HP: 101/101 MP: 26/26
 13363 | D:12     | Noticed Rupert
 13402 | D:12     | Cast into level 2 of the Abyss (a wizard)
 13475 | Abyss:2  | Noticed a tentacled starspawn
 13493 | Abyss:2  | Killed a tentacled starspawn
 13493 | Abyss:2  | Received a gift from Okawaru
 13510 | Abyss:2  | Reached ****** piety under Okawaru
 13550 | Abyss:2  | Noticed a profane servitor
 13574 | Abyss:2  | HP: 4/101 [profane servitor/+3 whip (11)]
 13578 | Abyss:2  | HP: 1/151 [profane servitor/+3 whip (8)]
 13578 | Abyss:2  | Slain by a profane servitor

Levels and vault maps discovered:
D:1:      lemuel_arrival_broad_hall, layout_loops_ring, serial_rivers,
          chequers_serial_rivers_small_b, chequers_serial_rivers_room_b,
          chequers_serial_rivers_small_3, chequers_serial_rivers_small_a,
          chequers_serial_rivers_micro_d
D:2:      layout_loops_ring, lemuel_doored_altar,
          chequers_ecumenical_altar_simple, minmay_pentomino_pile
D:3:      layout_loops_ring, first_ration, uniq_ijyb
D:4:      layout_cave_pods, serial_shops, nicolae_shop_window_shopping
D:5:      layout_loops_ring, enter_ossuary_5, uniq_grinder, uniq_prince_ribbit1
D:6:      layout_basic
D:7:      layout_basic, kennysheep_mini_moat, grunt_temple_overflow_open,
          nicolae_overflow_crystal_walls, minmay_temple_entry_trees
D:8:      layout_gridville, nicolae_dithmenos_shadow_blocks, special_room
          [special_room_orc], the_bakery, serial_bayou_ford_a,
          roderic_serpentine_path, minivault_5, st_stairs_11
D:9:      layout_roguey, lemuel_coloured_pillars_altar
D:10:     layout_small_grid, minmay_orc_entry_temple_small, lemuel_angel_altar,
          uniq_josephine, uniq_snorg, uniq_psyche
D:11:     layout_layer_cave, minmay_lair_entry_grove, serial_ice, serial_ice_b,
          serial_ice_a, serial_ice_c, serial_ice_e, serial_ice_h,
          portal_ice_cave_entry_ice_beasts, lightli_fourway_metalbox
D:12:     layout_irregular_city, uniq_nessos, uniq_erolcha, uniq_rupert
Abyss:2

Skill      XL: |  1  2  3  4  5  6  7  8  9 10 11 12 |
---------------+-------------------------------------+-----
Spellcasting   | 5 6 7 8 9 |  9.4
Invocations    | 1 2 3 4 5 6 7 8 |  8.7
Short Blades   | 1 2 3 4 5 6 7 |  7.9
Long Blades    | 1 2 3 4 5 6 7 |  7.9
Axes           | 1 2 3 4 5 6 7 |  7.9
Maces & Flails | 1 2 3 4 5 6 7 |  7.9
Staves         | 1 2 3 4 5 6 7 |  7.9
Slings         | 1 2 3 4 5 6 7 |  7.9
Bows           | 1 2 3 4 5 6 7 |  7.9
Crossbows      | 1 2 3 4 5 6 7 |  7.9
Throwing       | 1 2 3 4 5 6 7 |  7.9
Stealth        | 1 2 3 4 5 6 7 |  7.9
Shields        | 1 2 3 4 5 6 7 |  7.9
Unarmed Combat | 1 2 3 4 5 6 7 |  7.9
Evocations     | 1 2 3 4 5 6 7 |  7.9
Conjurations   | 1 2 3 4 5 6 |  6.6
Hexes          | 1 2 3 4 5 6 |  6.6
Summonings     | 1 2 3 4 5 6 |  6.6
Necromancy     | 1 2 3 4 5 6 |  6.6
Translocations | 1 2 3 4 5 6 |  6.6
Transmutations | 1 2 3 4 5 6 |  6.6
Fire Magic     | 1 2 3 4 5 6 |  6.6
Ice Magic      | 1 2 3 4 5 6 |  6.6
Air Magic      | 1 2 3 4 5 6 |  6.6
Earth Magic    | 1 2 3 4 5 6 |  6.6
Poison Magic   | 1 2 3 4 5 6 |  6.6
Armour         | 3 4 5 6 7 8 |  8.4
Fighting       | 5 6 7 8 9 |  9.2
Polearms       | 5 6 7 8 9 |  9.8
Dodging        | 5 6 7 8 9 |  9.2
Charms         | 6 7 8 |  8.7

Action                   |  1- 3 |  4- 6 |  7- 9 | 10-12 | 13-15 || total
-------------------------+-------+-------+-------+-------+-------++-------
Melee: Spear             |    95 |    62 |       |       |       ||   157
       Bite              |     5 |    11 |    32 |   107 |     9 ||   164
       Trident           |       |    90 |   385 |   972 |    81 ||  1528
       Punch             |       |       |     4 |    31 |       ||    35
 Cast: Infusion          |     6 |     2 |     8 |     6 |       ||    22
       Spectral Weapon   |     2 |    12 |    34 |    81 |     6 ||   135
       Shroud of Golubri |       |     3 |     8 |     8 |       ||    19
       Regeneration      |       |       |     9 |     8 |     3 ||    20
Invok: Heroism           |       |       |       |    10 |     2 ||    12
       Finesse           |       |       |       |     1 |     1 ||     2
Evoke: Wand              |       |       |     2 |       |       ||     2
  Use: Scroll            |       |     2 |    10 |     3 |       ||    15
       Potion            |       |       |       |     2 |     2 ||     4
 Stab: Sleeping          |     2 |     4 |    12 |    11 |       ||    29
       Distracted        |       |     1 |     2 |    12 |       ||    15
  Eat: Chunk             |       |     6 |    11 |    19 |     2 ||    38
       Ration            |       |       |     3 |     1 |       ||     4
Armor: Leather armour    |    13 |    18 |    70 |    77 |       ||   178
       Troll leather arm |       |       |       |    76 |    11 ||    87
       Chain mail        |       |       |       |   177 |       ||   177
Dodge: Dodged            |    50 |    72 |   178 |   655 |    54 ||  1009
Block: Shield            |       |       |       |       |    40 ||    40

Table legend:
 A = Non-vault XP
 B = Vault XP
 C = Vault XP percentage of total XP
 D = Non-vault monster count
 E = Vault monster count
 F = Vault count percentage of total count
                 A         B        C        D         E       F
            +---------+---------+-------+---------+---------+-------
      Total |   18656 |   18095 |  49.2 |     287 |     151 |  34.5
            +---------+---------+-------+---------+---------+-------
        D:1 |      59 |       0 |   0.0 |      27 |       0 |   0.0
        D:2 |     110 |      17 |  13.4 |      27 |       4 |  12.9
        D:3 |      42 |       0 |   0.0 |      14 |       0 |   0.0
        D:4 |     483 |       0 |   0.0 |      15 |       0 |   0.0
        D:5 |    1150 |     564 |  32.9 |      30 |       2 |   6.2
        D:6 |    1006 |       0 |   0.0 |      23 |       0 |   0.0
        D:7 |    1043 |     141 |  11.9 |      17 |       1 |   5.6
        D:8 |    1385 |    1082 |  43.9 |      32 |      25 |  43.9
        D:9 |    1867 |    1508 |  44.7 |      34 |       3 |   8.1
       D:10 |    2792 |    2166 |  43.7 |      24 |      12 |  33.3
       D:11 |    2776 |    5386 |  66.0 |      25 |      28 |  52.8
       D:12 |    1549 |     982 |  38.8 |      11 |       1 |   8.3
    Abyss:2 |    4394 |       0 |   0.0 |       8 |       0 |   0.0
    Ossuary |       0 |     273 | 100.0 |       0 |      50 | 100.0
      IceCv |       0 |    5976 | 100.0 |       0 |      25 | 100.0
            +---------+---------+-------+---------+---------+-------
